 Dungeon Sprint DCSS version 0.29.1-2-gbd0b4ee654 (webtiles) character file.

Game seed: 4422157884781301836

176 Groucho the Covert (level 5, 0/23 (25) HPs)
             Began as a Spriggan Enchanter on Nov 5, 2022.
             Was a Follower of Uskayaw.
             Slain by a wight
             ... wielding a +0 halberd
              (5 damage)
             ... in the Dungeon (Sprint VII: "The Pits") on Nov 8, 2022.
             The game lasted 00:05:51 (1133 turns).

Groucho the Covert (Spriggan Enchanter)             Turns: 1133, Time: 00:05:51

HP:   0/23 (25)     AC:  2    Str:  6    XL:     5   Next: 30%
MP:   12/14         EV: 18    Int: 17    God:    Uskayaw [*.....]
Gold: 0             SH:  0    Dex: 15    Spells: 5/16 levels left

rFire   . . .      SeeInvis +   n - +2 dagger (venom)
rCold   . . .      Faith    .   (no shield)
rNeg    . . .      Spirit   .   b - +0 robe
rPois   .          Reflect  .   (helmet restricted)
rElec   .          Harm     .   (no cloak)
rCorr   .          Rampage  .   (gloves unavailable)
Will    .....      NoTele   +   (boots unavailable)
Stlth   +++++.....              (no amulet)
HPRegen 0.07/turn               (no ring)
MPRegen 0.14/turn               (no ring)

@: drained, very quick
A: very small, no large weapons, unfitting armour, see invisible, speed 3
a: Renounce Religion, Stomp


You were in the Dungeon.
You worshipped Uskayaw.
Uskayaw was noncommittal.
You visited 1 branch

Inventory:

Hand Weapons
 n - a +2 dagger of venom (weapon)
Missiles
 j - 8 stones (quivered)
Armour
 b - a +0 robe (worn)
Scrolls
 i - a scroll of blinking
 k - 5 scrolls of amnesia
 l - a scroll of summoning
 m - 2 scrolls of vulnerability
Potions
 c - 4 potions of invisibility
 d - 6 potions of curing
 e - 5 potions of heal wounds
 f - a potion of haste
 g - 3 potions of magic
 h - 2 potions of berserk rage


   Skills:
 + Level 1.1 Fighting
 + Level 2.1 Short Blades
 + Level 3.5 Dodging
 * Level 10.8 Stealth
 + Level 6.0 Spellcasting
 * Level 6.9 Hexes
 * Level 4.5 Invocations


You had 5 spell levels left.
You knew the following spells:

 Your Spells              Type           Power      Damage    Failure   Level
a - Ensorcelled Hibernat  Hex/Ice        32%        N/A       4%          2
b - Confusing Touch       Hex            28%        N/A       2%          3
c - Dazzling Flash        Conj/Hex       32%        N/A       10%         3
d - Tukima's Dance        Hex            28%        N/A       2%          3

Your spell library contained the following spells:

 Spells                   Type           Power      Damage    Failure   Level


Dungeon Overview and Level Annotations

Branches:
Dungeon (1/1)

Altars:
Ashenzari
Cheibriados
Dithmenos
Elyvilon
Fedhas
Gozag
Hepliaklqana
Kikubaaqudgha
Makhleb
Nemelex Xobeh
Okawaru
Qazlal
Ru
Sif Muna
Trog
Uskayaw
Vehumet
Wu Jian
Xom
Yredelemnul
Zin
The Shining One
Jiyva
Lugonu


Innate Abilities, Weirdness & Mutations

You are very small and have problems with some larger weapons.
You are too small for most types of armour.
You have supernaturally acute eyesight. (SInv)
You cover ground extremely quickly. (Speed+++)


Message History

The frilled lizard is heavily wounded.
A wight comes into view. It is wielding a +0 halberd.
Unknown command.
There is an open door here.
A frilled lizard is nearby!
You start waiting.
A frilled lizard is nearby!
You hit the frilled lizard.
You kill the frilled lizard!
You see here a frilled lizard corpse.
There is an open door here.
A giant cockroach comes into view.
There is an open door here.
Throw: 9 stones
Press: ? - help, Q - select action, (/) - cycle Shift-Dir - straight line, f - wight
Aim: a wight, wielding a +0 halberd and wearing a +0 robe (wandering, hasn't noticed you, 57% to hit)
You throw a stone.
The stone hits the wight but does no damage.
Unknown command.
Cast which spell? (? or * to list)
Your hands begin to glow red.
The wight hits you from afar with a +0 halberd.
You hit the wight but do no damage. The wight closely misses you.
You closely miss the wight. The wight completely misses you.
You hit the wight but do no damage.
The wight appears confused.
The wight closely misses itself.
You hit the wight but do no damage. You hit the wight but do no damage.
You hit the wight.
The wight is lightly damaged.
The wight closely misses you.
You hit the wight but do no damage.
The wight is lightly damaged.
The wight hits you with a +0 halberd.
You feel drained.
You hit the wight.
The wight is moderately damaged.
The wight hits you with a +0 halberd!
* * * LOW HITPOINT WARNING * * *
You feel drained.
You die...

#.†.....†...'.....
#'#####'#####.....
#.#.....#[[##....)
#.#.....#))#####'#
#.###'###))##.....
#.#.....#))##.....
#.#.....#..##.....
#.####'##'###...<.
#@#........##.....
#z#........##.....
#'###########.....
#..# ###### #....
##.#.# .....
.#.#.# ... ..#


You could see a wight (confused).

Vanquished Creatures
  A floating eye (D)
  A gnoll bouda (D)
  3 gnolls (D)
  An ufetubus (D)
  A bat skeleton (D)
  2 endoplasms (D)
  6 jackals (D)
  A frilled lizard (D)
  A rat (D)
17 creatures vanquished.

Notes
Turn   | Place    | Note
-------+----------+-------------------------------------------
     0 | D        | Groucho the Spriggan Enchanter began the quest for the Orb.
     0 | D        | Reached XP level 1. HP: 9/9 MP: 5/5
    12 | D        | Reached skill level 5 in Stealth
    40 | D        | Found a bloodstained altar of Trog.
    40 | D        | Found a shimmering blue altar of Sif Muna.
    40 | D        | Found a viscous altar of Jiyva.
    40 | D        | Found a hazy altar of Hepliaklqana.
    40 | D        | Found an opulent altar of Gozag.
    41 | D        | Found a glowing golden altar of the Shining One.
    41 | D        | Found a glowing silver altar of Zin.
    41 | D        | Found a basalt altar of Yredelemnul.
    41 | D        | Found a shimmering altar of Xom.
    41 | D        | Found an ornate altar of the Wu Jian Council.
    41 | D        | Found a sacrificial altar of Ru.
    41 | D        | Found a stormy altar of Qazlal.
    41 | D        | Found an iron altar of Okawaru.
    41 | D        | Found a sparkling altar of Nemelex Xobeh.
    41 | D        | Found a burning altar of Makhleb.
    41 | D        | Found a blossoming altar of Fedhas.
    41 | D        | Found a white marble altar of Elyvilon.
    41 | D        | Found a shadowy altar of Dithmenos.
    41 | D        | Found a snail-covered altar of Cheibriados.
    42 | D        | Found a radiant altar of Vehumet.
    42 | D        | Found a corrupted altar of Lugonu.
    43 | D        | Found an ancient bone altar of Kikubaaqudgha.
    43 | D        | Found a hide-covered altar of Uskayaw.
    43 | D        | Found a broken altar of Ashenzari.
    54 | D        | Became a worshipper of Uskayaw the Reveller
    68 | D        | Noticed a floating eye
    71 | D        | Paralysed by a floating eye for 2 turns
    74 | D        | Reached * piety under Uskayaw
    77 | D        | Reached ** piety under Uskayaw
    78 | D        | Paralysed by a floating eye for 4 turns
    82 | D        | Reached *** piety under Uskayaw
    83 | D        | Killed a floating eye
    84 | D        | Reached skill level 9 in Stealth
    84 | D        | Reached skill level 5 in Spellcasting
    84 | D        | Reached XP level 2. HP: 5/13 MP: 6/9
    84 | D        | Reached XP level 3. HP: 6/16 MP: 6/10
    84 | D        | Reached XP level 4. HP: 8/21 MP: 7/12
   502 | D        | Learned a level 2 spell: Ensorcelled Hibernation
   506 | D        | Learned a level 3 spell: Confusing Touch
   510 | D        | Learned a level 3 spell: Dazzling Flash
   514 | D        | Learned a level 3 spell: Tukima's Dance
   521 | D        | Reached skill level 10 in Stealth
   937 | D        | Reached XP level 5. HP: 25/25 MP: 3/14
   937 | D        | Reached **** piety under Uskayaw
   938 | D        | Reached skill level 1 in Fighting
  1133 | D        | Slain by a wight

Illustrated notes

Levels and vault maps discovered:
D:        pitsprint [storerooms_1, entrance_room_1, metal_vault_3, armoury_2,
          mini_pit_1, grid_room_1, main_hall_1, silver_pit, the_coven_2,
          the_vestibule_1, steel_vault_3, golden_pit, hallway_of_sentries,
          crystal_vault_1, iron_vault_1, final_vault]

Skill      XL: |  1  2  3  4  5 |
---------------+----------------+-----
Stealth        | 9 10 | 10.8
Spellcasting   | 5 6 |  6.0
Hexes          | 6 |  6.9
Invocations    | 3 4 |  4.5
Dodging        | 3 |  3.5
Fighting       | 1 |  1.1
Short Blades   | 2 |  2.1

Action                   |  1- 3 |  4- 6 || total
-------------------------+-------+-------++-------
Melee: Dagger            |     9 |    41 ||    50
Throw: Stone             |       |     2 ||     2
 Cast: Ensorcelled Hiber |       |    16 ||    16
       Confusing Touch   |       |     1 ||     1
  Use: Potion            |       |     3 ||     3
 Stab: Sleeping          |     1 |     5 ||     6
       Paralysed         |     1 |     2 ||     3
Armor: Robe              |     2 |     4 ||     6
Dodge: Dodged            |     6 |    52 ||    58
